 Dungeon Crawl Stone Soup version 0.24.1-14-gf8d2b509d9 (webtiles) character file.

Game seed: 6721297971216808618, levelgen mode: deterministic

4787 mortelune the Insei (level 10, 0/82 HPs)
             Began as an Octopode Transmuter on May 17, 2020.
             Was an Initiate of Gozag.
             Slain by a wolf (10 damage)
             ... led by Grum
             ... on level 9 of the Dungeon.
             The game lasted 00:22:36 (12958 turns).

mortelune the Insei (Octopode Transmuter)          Turns: 12958, Time: 00:22:36

Health: 0/82       AC:  7    Str: 11    XL:     10   Next: 47%
Magic:  28/28      EV: 13    Int: 22    God:    Gozag
Gold:   917        SH:  5    Dex: 12    Spells: 11/22 levels left

rFire    x x .     SeeInvis .     - Unarmed
rCold    + + +     Gourm    .   (shield currently unavailable)
rNeg     . . .     Faith    .   (helmet currently unavailable)
rPois    +         Spirit   .   k - +5 amulet of reflection
rElec    .         Reflect  +   g - +2 ring of strength
rCorr    .         Harm     .   j - +2 ring of intelligence
MR       .....                  y - ring of ice
Stlth    +.........             D - ring of magical power
HPRegen  0.23/turn              W - ring of wizardry
MPRegen  0.21/turn              (no ring)
                                (no ring)
                                (no ring)

@: ice-form, gold aura
A: large, almost no armour, stealthy swim, amphibious, 8 rings, (constrict 8)
a: End Transformation, Potion Petition, Call Merchant, Bribe Branch, Renounce
Religion


You were on level 9 of the Dungeon.
You worshipped Gozag.
Gozag was pleased with you.
You were not hungry.
You were a creature of crystalline ice.
You visited 2 branches of the dungeon, and saw 10 of its levels.
You also visited: Ossuary.

You collected 988 gold pieces.
You paid 71 gold pieces to Gozag.

Inventory:

Missiles
 Q - 154 arrows
Jewellery
 g - a +2 ring of strength (left front paw)
 j - a +2 ring of intelligence (right front paw)
 k - a +5 amulet of reflection (around neck)
 s - an uncursed amulet of magic regeneration
 y - a ring of ice (on tentacle)
 D - a ring of magical power (on tentacle)
 W - a ring of wizardry (on tentacle)
Wands
 a - a wand of flame (12)
 i - a wand of clouds (4)
 A - a wand of random effects (8)
Scrolls
 b - 2 scrolls of immolation {unknown}
 e - 3 scrolls of fear
 f - 3 scrolls of magic mapping {unknown}
 l - a scroll of silence
 n - 2 scrolls of amnesia {unknown}
 o - 2 scrolls of enchant weapon
 q - 2 scrolls of noise {unknown}
 r - 2 scrolls of fog (quivered) {unknown}
 t - 7 scrolls of teleportation
 u - 5 scrolls of remove curse
Potions
 d - 5 potions of curing
 h - a potion of might
 m - a potion of brilliance
 p - a potion of ambrosia
 w - 2 potions of haste
 x - a potion of mutation {unknown}
 z - a potion of degeneration {unknown}
 C - a potion of cancellation {unknown}
Comestibles
 c - 9 rations


   Skills:
 + Level 6.7 Fighting
 + Level 7.0 Dodging
 + Level 7.4 Unarmed Combat
 + Level 6.5 Spellcasting
 + Level 7.0 Transmutations


You had 11 spell levels left.
You knew the following spells:

 Your Spells              Type           Power        Failure   Level  Hunger
a - Beastly Appendage     Tmut           #####.       1%          1    None
b - Sticks to Snakes      Tmut           #####...     1%          2    None
c - Spider Form           Tmut/Pois      ###.......   2%          3    #......
d - Ice Form              Ice/Tmut       ####....     9%          4    ###....
e - Magic Dart            Conj           #...         3%          1    None

Your spell library contained the following spells:

 Spells                   Type           Power        Failure   Level  Hunger
 Confusing Touch          Hex            #.....       3%          1    None
 Blink                    Tloc           N/A          5%          2    None
 Call Imp                 Summ           #.......     5%          2    None
 Slow                     Hex            #.......     5%          2    None
 Blade Hands              Tmut           #####.....   6%          5    #####..
 Petrify                  Tmut/Erth      ###.....     9%          4    ###....
 Confuse                  Hex            #.......     11%         3    #......
 Conjure Flame            Conj/Fire      #.......     11%         3    #......
 Gell's Gravitas          Tloc           #.........   11%         3    #......
 Mephitic Cloud           Conj/Pois/Air  #.......     11%         3    #......
 Yara's Violent Unravell  Hex/Tmut       ###.......   22%         5    #####..
 Metabolic Englaciation   Hex/Ice        ##........   65%         5    #####..


Dungeon Overview and Level Annotations

Branches:
Dungeon (9/15)             Temple (1/1) D:5         Ossuary (visited)
   Lair: D:8-11         Orc: D:9-12

Altars:
Ashenzari
Cheibriados
Dithmenos
Elyvilon
Fedhas
Gozag
Hepliaklqana
Kikubaaqudgha
Makhleb
Nemelex Xobeh
Okawaru
Qazlal
Ru
Sif Muna
Trog
Uskayaw
Vehumet
Wu Jian
Xom
Yredelemnul
Zin
The Shining One

Shops:
D:5 %

Annotations:
D:7 1 runed translucent door, Crazy Yiuf


Innate Abilities, Weirdness & Mutations

You cannot wear most types of armour.
You are very stealthy in the water. (Stealth+)
You are amphibious.
You can wear up to eight rings at the same time.
((You can use your tentacles to constrict eight enemies at once.))
((Your skin changes colour to match your surroundings (Stealth+).))
((Your rubbery body absorbs attacks. (AC +1, EV +1)))


Message History

You punch Grum! You freeze Grum.
Grum is moderately wounded.
The wolf is no longer distracted by gold.
Grum sniffs the air and quickly glances around.
Grum hits you with a +0 spear.
* * * LOW HITPOINT WARNING * * *
You hit Grum. You freeze Grum.
Grum is heavily wounded.
Grum hits you with a +0 spear.
* * * LOW HITPOINT WARNING * * *
You pummel Grum!! You freeze Grum.
You kill Grum!
Your Transmutations skill increases to level 7!
You barely miss the wolf. You block the wolf's attack.
The wolf closely misses you.
You hit the wolf. You freeze the wolf.
The wolf is lightly wounded.
The wolf bites you!
You die...
Your body crumbles into a pile of gold.

..........##..# ########'#
..........##..# #.........
...≈≈.....##..####...).≈...
..$........#...........≈≈..
...........#.#####...≈≈≈≈..
...$.......#.........≈≈≈≈..
.........(.######.....≈≈≈..
##########h# #.....≈....
#Y# #^......... #.#
#.......... #.# #..........
#.# #.......... #.#
#.......... #.# #..........
#.# #.######### #.# #.# #.#
#.#


You could see a wolf.

Vanquished Creatures
  A two-headed ogre (D:9)
  Grinder (D:6)
  A hippogriff (D:9)
  Grum (D:9)
  2 swamp worms (D:9)
  A sky beast (D:4)
  An ice beast (D:5)
  2 ogres
  A necrophage (D:5)
  2 phantoms
  3 wolves (D:9)
  4 centaurs
  A big kobold (D:9)
  Blork the orc (D:6)
  4 bullfrogs
  13 scorpions
  4 killer bees (D:8)
  4 howler monkeys
  A jelly (D:7)
  2 crimson imps (D:8)
  2 bullfrog zombies
  3 centaur zombies (Ossuary)
  An orc priest (D:3)
  2 human zombies (Ossuary)
  5 iguanas
  2 orc wizards
  2 worker ants
  A killer bee zombie (D:5)
  A big kobold zombie (Ossuary)
  A hound zombie (D:9)
  4 mummies
  13 adders
  12 gnolls
  3 scorpion zombies (Ossuary)
  A shadow imp (D:5)
  An ooze (D:6)
  An adder zombie (D:5)
  An adder skeleton (D:9)
  5 worms
  7 leopard geckos
  13 orcs
  A ball python (D:1)
  6 bats
  4 giant cockroaches
  3 gnoll zombies (Ossuary)
  7 goblins
  4 hobgoblins
  12 jackals
  2 quokkas
  A ball python skeleton (D:5)
  2 frilled lizards
  2 goblin zombies (Ossuary)
  3 hobgoblin zombies
  A jackal skeleton (D:6)
  9 kobolds
  2 kobold zombies
  A leopard gecko skeleton (D:6)
  A quokka skeleton (D:4)
  8 rats
200 creatures vanquished.

Vanquished Creatures (collateral kills)
  A human zombie (Ossuary)
1 creature vanquished.

Vanquished Creatures (others)
  A scorpion (Ossuary)
  An orc zombie (Ossuary)
  3 plants (D:9)
5 creatures vanquished.

Grand Total: 206 creatures vanquished

Notes
Turn   | Place    | Note
-------+----------+-------------------------------------------
     0 | D:1      | mortelune the Octopode Transmuter began the quest for the
                  | Orb.
     0 | D:1      | Reached XP level 1. HP: 13/13 MP: 3/3
   138 | D:1      | Reached XP level 2. HP: 17/18 MP: 5/5
   243 | D:1      | Learned a level 2 spell: Sticks to Snakes
   560 | D:1      | Reached XP level 3. HP: 9/23 MP: 4/6
   799 | D:1      | Learned a level 3 spell: Spider Form
  1374 | D:2      | Reached XP level 4. HP: 29/29 MP: 3/7
  2325 | D:3      | Reached XP level 5. HP: 26/34 MP: 7/9
  3133 | D:3      | Reached XP level 6. HP: 38/41 MP: 10/10
  4354 | D:4      | Found a sand-covered staircase.
  4363 | Ossuary  | Entered an ossuary
  4399 | Ossuary  | Reached XP level 7. HP: 26/46 MP: 5/12
  5779 | Ossuary  | Learned a level 4 spell: Ice Form
  5789 | Ossuary  | Reached XP level 8. HP: 30/54 MP: 10/14
  6028 | Ossuary  | Reached skill level 5 in Unarmed Combat
  6798 | D:4      | Found a sacrificial altar of Ru.
  6854 | D:4      | Found a radiant altar of Vehumet.
  7873 | D:5      | Entered Level 5 of the Dungeon
  7956 | D:5      | Found Sunwoaj's Food Emporium.
  8003 | D:5      | Found a staircase to the Ecumenical Temple.
  8018 | Temple   | Entered the Ecumenical Temple
  8490 | Temple   | Became a worshipper of Gozag Ym Sagoz the Greedy
  8569 | D:5      | Reached skill level 5 in Dodging
  8624 | D:5      | Reached skill level 5 in Transmutations
  8867 | D:5      | Learned a level 1 spell: Magic Dart
  8989 | D:5      | Found a snail-covered altar of Cheibriados.
  8989 | D:5      | Found a bloodstained altar of Trog.
  9176 | D:6      | Found a shadowy altar of Dithmenos.
  9236 | D:6      | Reached skill level 5 in Fighting
  9236 | D:6      | Reached skill level 5 in Spellcasting
  9236 | D:6      | Reached XP level 9. HP: 40/61 MP: 13/16
  9406 | D:6      | Noticed Grinder
  9462 | D:6      | Killed Grinder
  9565 | D:6      | Noticed Blork the orc
  9694 | D:6      | Killed Blork the orc
 10481 | D:7      | HP: 2/61 [bullfrog (9)]
 11190 | D:7      | Found a shattered altar of Ashenzari.
 11253 | D:7      | Found a runed translucent door.
 11255 | D:7      | Noticed Crazy Yiuf
 11633 | D:8      | Found a shimmering altar of Xom.
 11691 | D:8      | Noticed a six-headed hydra
 11878 | D:9      | Noticed a two-headed ogre
 11893 | D:9      | Killed a two-headed ogre
 11893 | D:9      | Reached XP level 10. HP: 69/69 MP: 18/19
 12933 | D:9      | Noticed Grum
 12956 | D:9      | Killed Grum
 12958 | D:9      | Slain by a wolf

Levels and vault maps discovered:
D:1:      roderic_crop_circles_arrival_small, layout_basic
D:2:      layout_rooms, first_ration, minmay_pentomino_q2
D:3:      layout_basic, serial_curves, eino_curves_01, eino_curves_04,
          eino_curves_01
D:4:      kb_forest_paths, layout_basic, old_standard_altar,
          nicolae_ossuary_entry_giza, vehumet_altar_wand_db
D:5:      layout_loops_ring, gammafunk_temple_overflow_elements,
          minmay_temple_entry_steel_oval, serial_shops, shop,
          kennysheep_generic_room_10
D:6:      layout_rooms, overflow_temple_1_default, uniq_blork_the_orc,
          uniq_grinder
D:7:      layout_basic, kennysheep_little_box, minmay_misc_feat_tower,
          uniq_crazy_yiuf_cottage
D:8:      layout_loops_ring, overflow_temple_1_default, gammafunk_ghost_grave,
          grunt_livestock
D:9:      layout_basic, worms_lemuel, uniq_grum, uniq_prince_ribbit1
Temple:   eino_temple_scatter_basement

Skill      XL: |  1  2  3  4  5  6  7  8  9 10 |
---------------+-------------------------------+-----
Fighting       | 2 3 5 6 |  6.7
Dodging        | 3 4 5 6 7 |  7.0
Spellcasting   | 3 4 5 6 |  6.5
Transmutations | 3 4 5 6 7 |  7.0
Unarmed Combat | 4 5 7 |  7.4

Action                   |  1- 3 |  4- 6 |  7- 9 | 10-12 || total
-------------------------+-------+-------+-------+-------++-------
Melee: Unarmed           |    75 |   129 |   428 |    90 ||   722
       Constrict         |    25 |    21 |    47 |     3 ||    96
       Tentacles         |    11 |    13 |    51 |     1 ||    76
       Kick              |     9 |     7 |     8 |       ||    24
       Punch             |       |     3 |     9 |       ||    12
 Cast: Beastly Appendage |     3 |     4 |     4 |       ||    11
       Spider Form       |     1 |     5 |    16 |     1 ||    23
       Sticks to Snakes  |     1 |     5 |    19 |       ||    25
       Magic Dart        |       |       |    11 |       ||    11
       Ice Form          |       |       |     6 |     4 ||    10
  Use: Potion            |       |       |     5 |     1 ||     6
       Scroll            |       |       |    14 |       ||    14
 Stab: Sleeping          |     4 |     2 |     6 |       ||    12
       Distracted        |       |       |     1 |       ||     1
  Eat: Chunk             |     1 |     6 |     8 |       ||    15
       Ration            |       |     1 |     6 |     1 ||     8
Armor: Skin              |    13 |     3 |    28 |     9 ||    53
Dodge: Dodged            |    52 |    95 |   254 |    48 ||   449
Block: Other             |       |       |    59 |    13 ||    72
       Reflection        |       |       |     4 |       ||     4
